 Dungeon Crawl Stone Soup version 0.28-a0-475-g7dc2aef8ca (webtiles) character file.

Game seed: 17653235602094475155

337 Dabor the Skirmisher (level 6, -3/49 HPs)
             Began as a Formicid Abyssal Knight on Sept 16, 2021.
             Was a Believer of Lugonu.
             Succumbed to Ijyb's poison
             ... on level 2 of the Dungeon.
             The game lasted 00:05:03 (3408 turns).

Dabor the Skirmisher (Formicid Abyssal Knight)      Turns: 3408, Time: 00:05:04

Health: -3/49      AC:  9    Str: 19    XL:     6   Next: 85%
Magic:  9/9        EV:  8    Int: 11    God:    Lugonu [**....]
Gold:   160        SH:  0    Dex: 10    Spells: 5/5 levels left

rFire   . . .      SeeInvis +   a - +1 spear
rCold   + . .      Faith    .   (no shield)
rNeg    . . .      Spirit   .   f - +0 chain mail
rPois   .          Reflect  .   (helmet unavailable)
rElec   .          Harm     .   (no cloak)
rCorr   .          Rampage  .   (no gloves)
Will    .....                   (no boots)
Stlth   ..........              (no amulet)
HPRegen 0.16/turn               c - ring of protection from cold
MPRegen 0.11/turn               (no ring)

@: lethally poisoned (-3 -> -17)
A: permanent stasis, dig shafts and tunnels, antennae 3, four strong arms
a: Dig, Shaft Self, Renounce Religion, Depart the Abyss, Bend Space


You were on level 2 of the Dungeon.
You worshipped Lugonu.
Lugonu was pleased with you.
You visited 1 branch of the dungeon, and saw 3 of its levels.
You visited the Abyss 1 time.

You collected 160 gold pieces.

Inventory:

Hand Weapons
 a - a +1 spear (weapon)
 h - a +0 halberd
Missiles
 m - a throwing net
Armour
 b - a +0 leather armour
 f - a +0 chain mail (worn)
Jewellery
 c - a ring of protection from cold (left hand)
 k - a ring of ice
Wands
 j - a wand of acid (5)
Scrolls
 e - 2 scrolls of identify
 l - a scroll of amnesia {unknown}
 n - a scroll of noise {unknown}
 o - a scroll of immolation {unknown}
Potions
 d - 2 potions of degeneration
 g - 2 potions of lignification {unknown}
 i - 2 potions of ambrosia {unknown}


   Skills:
 + Level 4.5 Fighting
 + Level 3.4 Polearms
 + Level 3.7 Armour
 + Level 2.6 Dodging
 + Level 4.0 Invocations


You had 5 spell levels left.
You didn't know any spells.
Your spell library contained the following spells:

 Spells                   Type           Power      Damage    Failure   Level
 Animate Skeleton         Necr           0%         N/A       99%         1
 Apportation              Tloc           0%         N/A       99%         1
 Summon Small Mammal      Summ           0%         N/A       99%         1
 Conjure Flame            Conj/Fire      0%         6-21      100%        3
 Gell's Gravitas          Tloc           0%         N/A       100%        3
 Ignite Poison            Fire/Tmut/Pois 0%         N/A       100%        3
 Lesser Beckoning         Tloc           0%         N/A       100%        3
 Teleport Other           Tloc           0%         N/A       100%        3
 Sticky Flame             Conj/Fire      0%         2d3       100%        4


Dungeon Overview and Level Annotations

Branches:
Dungeon (3/15)

Altars:
Trog

Shops:
D:3 (

Annotations:
D:3 Ijyb


Innate Abilities, Weirdness & Mutations

You cannot be hasted, slowed, berserked, paralysed or teleported.
You can dig through walls and to a lower floor.
You have a pair of large antennae on your head. (SInv)
Your four strong arms can wield two-handed weapons with a shield.


Message History

Ijyb is nearby!
You hit Ijyb.
Ijyb is heavily wounded.
You feel very sick. Ijyb hits you but does no damage.
You are more poisoned.
You hit Ijyb but do no damage.
Ijyb is heavily wounded.
You feel very sick. Ijyb barely misses you.
Ijyb is nearby!
You hit Ijyb.
Ijyb is severely wounded.
You feel very sick.
Ijyb is nearby!
You closely miss Ijyb.
Ijyb is severely wounded.
You feel sick. Ijyb barely misses you.
Okay, then.
You hit Ijyb.
Ijyb is severely wounded.
You feel sick.
Ijyb screams, "No!
No, no, no, no!"
Ijyb hits you with a +2 dagger of venom.
You are more poisoned.
You hit Ijyb but do no damage.
Ijyb is severely wounded.
You feel very sick.
Ijyb hits you with a +2 dagger of venom.
* * * LOW HITPOINT WARNING * * *
You are more poisoned.
* * * LOW HITPOINT WARNING * * *
You feel very sick.
Ijyb zaps a wand.
The mass of ice explodes!
The iceblast engulfs you but does no damage.
There is a stone staircase leading up here.
* * * LOW HITPOINT WARNING * * *
You feel very sick.
You climb upwards.
You die...

### #############.#
..............#
#############.#
......# #.# ......#
#.########
......#######........#
................@....#
......##.............#
......##............##
......##............#
......##............#
......##......##.#.##
..............##.#.##
#..#..........##.#..#
...#................#


There were no monsters in sight!

Vanquished Creatures
  Grinder (D:3)
  Natasha (D:2)
  3 gnolls
  An adder (D:2)
  2 worms
  A dart slug (D:2)
  4 orcs (D:3)
  5 ball pythons
  5 endoplasms
  3 giant cockroaches
  6 goblins
  3 hobgoblins (D:2)
  3 jackals (D:2)
  5 kobolds
  2 quokkas
  9 bats
  5 frilled lizards
  6 rats
65 creatures vanquished.

Vanquished Creatures (others)
  2 plants (D:2)
2 creatures vanquished.

Grand Total: 67 creatures vanquished

Notes
Turn   | Place    | Note
-------+----------+-------------------------------------------
     0 | Abyss:1  | Dabor the Formicid Abyssal Knight began the quest for the
                  | Orb.
     0 | Abyss:1  | Reached XP level 1. HP: 18/18 MP: 2/2
    32 | Abyss:1  | Found a corrupted altar of Lugonu.
    42 | Abyss:1  | Found a hide-covered altar of Uskayaw.
    61 | Abyss:1  | Noticed a small abomination
    71 | Abyss:1  | Noticed a demonic crawler
    73 | Abyss:1  | Noticed a freezing wraith
    73 | Abyss:1  | Noticed an unseen horror
    76 | D:1      | Escaped the Abyss
   138 | D:1      | Reached skill level 1 in Dodging
   265 | D:1      | Reached XP level 2. HP: 24/24 MP: 3/3
   579 | D:1      | Found a faded altar of an unknown god.
   633 | D:1      | Reached XP level 3. HP: 29/29 MP: 4/4
   695 | D:1      | Reached * piety under Lugonu
  1188 | D:2      | Reached XP level 4. HP: 30/37 MP: 6/6
  2281 | D:2      | Noticed Natasha
  2332 | D:2      | Killed Natasha
  2333 | D:2      | Reached XP level 5. HP: 34/42 MP: 7/7
  2829 | D:3      | Found a bloodstained altar of Trog.
  2850 | D:3      | Noticed Grinder
  2869 | D:3      | Killed Grinder
  2870 | D:3      | Reached XP level 6. HP: 18/49 MP: 7/9
  3102 | D:3      | Reached ** piety under Lugonu
  3195 | D:3      | Found Umibed's Weapon Shoppe.
  3395 | D:3      | Noticed Ijyb
  3407 | D:3      | HP: 2/49 [poisoned by Ijyb]
  3408 | D:2      | Succumbed to Ijyb's poison

Illustrated notes

Levels and vault maps discovered:
D:1:      scummos_arrival_checkerplants, layout_loops_cross,
          ebering_ecumenical_altar_mist
D:2:      layout_basic, serial_bayou_lake_a, uniq_natasha
D:3:      layout_loops_ring, trog_butcher_becter, serial_shops,
          nicolae_shop_statue_plus, minmay_misc_feat_nine_boxes, uniq_terence,
          uniq_ijyb, uniq_grinder

Skill      XL: |  1  2  3  4  5 |
---------------+----------------+-----
Dodging        | 1 2 |  2.6
Invocations    | 3 4 |  4.0
Armour         | 3 |  3.7
Fighting       | 4 |  4.5
Polearms       | 3 |  3.4

Action                   |  1- 3 |  4- 6 || total
-------------------------+-------+-------++-------
Melee: Spear             |   102 |   149 ||   251
Invok: Depart the Abyss  |     1 |       ||     1
Evoke: Wand              |       |     3 ||     3
  Use: Scroll            |     2 |     1 ||     3
       Potion            |       |     1 ||     1
 Stab: Fleeing           |       |     1 ||     1
Armor: Chain mail        |    51 |    56 ||   107
Dodge: Dodged            |    37 |    62 ||    99

Table legend: (Time is in decaauts)
 A = Elapsed time spent in this place.
 B = Non-inter-level travel time spent in this place.
 C = Inter-level travel time spent in this place.
 D = Time resting spent in this place.
 E = Time spent auto-exploring this place.
 F = Levels seen in this place.
 G = Mean time per level.
                   A        B        C        D        E       F      G
               +--------+--------+--------+--------+--------+-----+--------+
         Total |   3428 |   3316 |    112 |    604 |   2090 |   4 |  857.0 |
       Dungeon |   3352 |   3240 |    112 |    604 |   2058 |   3 | 1117.3 |
         Abyss |     76 |     76 |      0 |      0 |     32 |   1 |   76.0 |
               +--------+--------+--------+--------+--------+-----+--------+

Top non-repeatable levels by time:
     D:2: 1325 daAuts
     D:3: 1259 daAuts
     D:1: 767 daAuts
 Abyss:1: 76 daAuts
